 Dungeon Crawl Stone Soup version 0.28.0-53-g5a82cb258f (webtiles) character file.

Game seed: 14149661750008074651

3273 safid the Geomancer (level 10, -2/63 HPs)
             Began as a Gargoyle Earth Elementalist on Aug 31, 2022.
             Was an Initiate of Vehumet.
             Killed by divine providence
             ... invoked by an orc priest
              (8 damage)
             ... on level 8 of the Dungeon.
             The game lasted 00:12:11 (8926 turns).

safid the Geomancer (Gargoyle Earth Elementalist)   Turns: 8926, Time: 00:12:12

Health: -2/63      AC: 20    Str: 14    XL:     10   Next: 0%
Magic:  29/29      EV: 12    Int: 20    God:    Vehumet [......]
Gold:   467        SH:  0    Dex: 14    Spells: 18/22 levels left

rFire   . . .      SeeInvis .   s - +7 spear of Jafeishri {protect, rC+ Str+2 Dex+4}
rCold   + . .      Faith    .   (no shield)
rNeg    + . .      Spirit   .   b - +0 robe
rPois   ∞          Reflect  .   a - +2 helmet
rElec   +          Harm     .   (no cloak)
rCorr   .          Rampage  .   u - +0 pair of gloves
Will    .....                   (no boots)
Stlth   ++........              (no amulet)
HPRegen 0.20/turn               m - ring of magical power
MPRegen 0.21/turn               (no ring)

@: under a protective aura
A: sickness immunity, AC +7, negative energy resistance 1, electricity
resistance, torment resistance 1, petrification resistance
a: Renounce Religion


You were on level 8 of the Dungeon.
You worshipped Vehumet.
Vehumet was noncommittal.
You visited 2 branches of the dungeon, and saw 9 of its levels.

You collected 467 gold pieces.

Inventory:

Hand Weapons
 s - the +7 spear of Jafeishri (weapon) {protect, rC+ Str+2 Dex+4}
   (You found it on level 4 of the Dungeon)

   It grants its wielder temporary protection when it strikes (+7 to AC).
   Str:       It affects your strength (+2).
   Dex:       It affects your dexterity (+4).
   rC:        It protects you from cold.
Missiles
 c - 144 stones
 A - 4 javelins
Armour
 a - a +2 helmet (worn)
 b - a +0 robe (worn)
 u - a +0 pair of gloves (worn)
Jewellery
 m - a ring of magical power (left hand)
 r - an amulet of guardian spirit
 v - a +6 ring of dexterity
Wands
 f - a wand of flame (12)
 k - a wand of mindburst (26)
 y - a wand of acid (7)
Scrolls
 e - 4 scrolls of noise
 g - 4 scrolls of magic mapping
 i - a scroll of enchant armour {unknown}
 j - 4 scrolls of teleportation
 l - a scroll of blinking {unknown}
 p - a scroll of summoning {unknown}
 q - 3 scrolls of amnesia {unknown}
 t - a scroll of immolation {unknown}
 x - 2 scrolls of identify
Potions
 d - 3 potions of lignification {unknown}
 h - 2 potions of curing
 n - 2 potions of brilliance {unknown}
 o - a potion of degeneration {unknown}
 w - a potion of heal wounds {unknown}
 z - 2 potions of invisibility {unknown}
 B - 2 potions of might {unknown}


   Skills:
 + Level 7.5 Fighting
 - Level 2.0 Dodging
 - Level 2.1 Stealth
 + Level 6.6 Spellcasting
 + Level 6.8 Conjurations
 - Level 1.0 Transmutations
 + Level 9.1 Earth Magic


You had 18 spell levels left.
You knew the following spells:

 Your Spells              Type           Power      Damage    Failure   Level
a - Sandblast             Erth           86%        2d18      1%          1
b - Stone Arrow           Conj/Erth      76%        3d11      1%          3

Your spell library contained the following spells:

 Spells                   Type           Power      Damage    Failure   Level
 Passwall                 Tmut/Erth      22%        N/A       1%          2
 Lee's Rapid Deconstruct  Erth           21%        3d13*     6%          5
 Petrify                  Tmut/Erth      27%        N/A       12%         4
 Fulminant Prism          Conj/Hex       10%        3d9       24%         4
 Iskenderun's Mystic Bla  Conj/Tloc      20%        2d6       24%         4


Dungeon Overview and Level Annotations

Branches:
Dungeon (8/15)             Temple (1/1) D:6
   Lair: D:8-11

Altars:
Ashenzari
Cheibriados
Dithmenos
Elyvilon
Fedhas
Gozag
Hepliaklqana
Kikubaaqudgha
Makhleb
Nemelex Xobeh
Okawaru
Qazlal
Ru
Sif Muna
Trog
Uskayaw
Vehumet
Wu Jian
Xom
Yredelemnul
Zin
The Shining One

Shops:
D:2 (   D:4 *

Annotations:
D:7 2 transporters, styxcanada's ghost, novice SpBr
D:8 Grum


Innate Abilities, Weirdness & Mutations

You are immune to sickness and miasma.
Your stone body is resilient. (AC +7)
You are immune to poison.
You resist negative energy. (rN+)
You are resistant to electric shocks. (rElec)
You are resistant to unholy torment.
You are immune to petrification.


Message History

The orc priest looks satisfied for a moment.
Grum hits you from afar with a +0 halberd of freezing!
You reach to attack!
You closely miss Grum. Something hits you but does no damage.
Grum hits you but does no damage.
You reach to attack!
You hit Grum.
Grum is lightly wounded.
Something hits you but does no damage. Grum hits you but does no damage.
You reach to attack!
You completely miss Grum.
Grum is lightly wounded.
An orc wizard appears from thin air!
Reactivating autopickup.
The orc wizard closely misses you. Grum hits you but does no damage.
You closely miss the orc wizard.
The orc wizard hits you but does no damage.
Grum closely misses you.
You hit the orc wizard.
The orc wizard is moderately wounded.
The orc wizard closely misses you.
An orc wizard comes into view. It is wielding a +0 dagger.
Grum points his finger and shouts, "Duke!
Sic 'em!"
Grum barely misses you.
The orc wizard shouts!
You hit the orc wizard.
The orc wizard is severely wounded.
You hear a shout!
The orc wizard misses you. Grum closely misses you.
You miss the orc wizard.
The orc wizard is severely wounded.
The orc wizard hits you with a +0 dagger.
The orc priest invokes the aid of Beogh against you.
Beogh smites you!
Grum hits you from afar with a +0 halberd of freezing!
* * * LOW HITPOINT WARNING * * *
Grum freezes you.
* * * LOW HITPOINT WARNING * * *
The orc wizard barely misses you.
You hear a shout!
The orc priest invokes the aid of Beogh against you.
Beogh smites you!
You die...

##### #......
#..#.......... ....
#..#.#.#!...). #...#
#..#@#........ #...#
#..#.#..<..... # ###...#
#..#o#.(...... ........##
#..#.#.....hg.
#.##....####..#g#...o...h
#..............o#...#
.####.........#.#o...#
.........######.#....#
##..#....# #.#....#


You could see Grum, an orc priest and 2 orc wizards.

Vanquished Creatures
  A two-headed ogre (D:4)
  A troll (D:5)
  A wyvern (D:6)
  A water moccasin (D:5)
  2 ice beasts (D:7)
  2 orc warriors (D:8)
  A necrophage (D:4)
  An ogre (D:6)
  A wolf (D:8)
  3 bullfrogs
  2 scorpions (D:5)
  3 water moccasin zombies
  A water moccasin skeleton (D:5)
  4 electric eels (D:6)
  A bullfrog zombie (D:5)
  6 orc priests
  A gnoll shaman (D:7)
  Natasha (thrice) (D:2)
  4 iguanas
  A scorpion zombie (D:5)
  5 orc wizards
  A killer bee zombie (D:6)
  8 gnolls
  14 adders
  3 white imps
  An ufetubus (D:4)
  2 dart slugs
  20 orcs
  6 bats
  5 endoplasms
  3 giant cockroaches
  5 goblins
  8 hobgoblins
  5 jackals (D:2)
  3 quokkas
  7 ball pythons
  2 frilled lizards
  6 kobolds
  3 rats
147 creatures vanquished.

Vanquished Creatures (others)
  A fungus (D:2)
  14 plants
15 creatures vanquished.

Grand Total: 162 creatures vanquished

Notes
Turn   | Place    | Note
-------+----------+-------------------------------------------
     0 | D:1      | safid the Gargoyle Earth Elementalist began the quest for
                  | the Orb.
     0 | D:1      | Reached XP level 1. HP: 10/10 MP: 3/3
   337 | D:1      | Reached skill level 1 in Transmutations
   337 | D:1      | Reached XP level 2. HP: 8/16 MP: 0/5
   785 | D:1      | Reached skill level 1 in Fighting
   794 | D:1      | Reached skill level 4 in Earth Magic
  1107 | D:1      | Reached XP level 3. HP: 12/20 MP: 6/6
  1604 | D:2      | Learned a level 3 spell: Stone Arrow
  1893 | D:2      | Reached XP level 4. HP: 20/26 MP: 0/7
  2029 | D:2      | Found a faded altar of an unknown god.
  2037 | D:2      | Found Qufit's Antique Weapon Boutique.
  2042 | D:2      | Noticed Natasha
  2051 | D:2      | Killed Natasha
  2238 | D:2      | Noticed Natasha
  2248 | D:2      | Killed Natasha
  2249 | D:2      | Reached XP level 5. HP: 9/31 MP: 4/9
  2252 | D:2      | Noticed Natasha
  2459 | D:2      | Killed Natasha
  2460 | D:2      | Reached skill level 5 in Earth Magic
  3162 | D:3      | Reached skill level 1 in Conjurations
  3162 | D:3      | Reached XP level 6. HP: 19/37 MP: 0/11
  3544 | D:3      | You fall into a shaft and drop 3 floors!
  3587 | D:5      | Entered Level 5 of the Dungeon
  3764 | D:5      | Noticed a water moccasin
  3771 | D:5      | Killed a water moccasin
  3772 | D:5      | Reached XP level 7. HP: 32/42 MP: 3/12
  3856 | D:4      | Reached skill level 6 in Earth Magic
  4029 | D:3      | Found an ornate altar of the Wu Jian Council.
  4264 | D:4      | Noticed a two-headed ogre
  4272 | D:4      | Killed a two-headed ogre
  4273 | D:4      | Reached skill level 5 in Fighting
  4273 | D:4      | Reached skill level 7 in Earth Magic
  4273 | D:4      | Reached XP level 8. HP: 17/49 MP: 7/15
  4475 | D:4      | Reached skill level 5 in Spellcasting
  4606 | D:4      | Found Keirghoyj's Elemental Accessories.
  4653 | D:4      | Identified the +7 spear of Jafeishri {protect, rC+ Str+2
                  | Dex+4}
  5364 | D:5      | Noticed a troll
  5369 | D:5      | Killed a troll
  5370 | D:5      | Reached skill level 5 in Conjurations
  5370 | D:5      | Reached XP level 9. HP: 55/55 MP: 15/17
  5582 | D:5      | Reached skill level 8 in Earth Magic
  6217 | D:6      | Found a staircase to the Ecumenical Temple.
  6328 | Temple   | Entered the Ecumenical Temple
  6725 | Temple   | Became a worshipper of Vehumet
  7023 | D:6      | Identified the +3 chain mail "Jehighics" {rC+++ Will++
                  | Int-3 Dex+4}
  7826 | D:7      | Found a transporter.
  7831 | D:7      | Found a transporter.
  7855 | D:7      | Found an opulent altar of Gozag.
  8318 | D:7      | Noticed styxcanada's ghost (novice SpBr)
  8776 | D:8      | Reached skill level 9 in Earth Magic
  8887 | D:8      | Noticed Grum
  8913 | D:8      | Reached XP level 10. HP: 43/63 MP: 20/20
  8926 | D:8      | Killed from afar by an orc priest

Illustrated notes

Levels and vault maps discovered:
D:1:      minmay_arrival_stair_chambers, layout_loops_corners, minmay_surrounded
D:2:      layout_basic, shapermc_ecumenical_altar_mp_ritualfount, serial_shops,
          shop_statue, uniq_natasha
D:3:      layout_basic, mainiacjoe_overflow_six_doors_small,
          minmay_snake_closets
D:4:      layout_rooms, hangedman_abyss_or_decor_slice, nicolae_elemental_shop,
          kennysheep_generic_room_15
D:5:      layout_cave_pools, minmay_misc_feat_enclosed, grunt_ministairs_1,
          minivault_4
D:6:      layout_loops_ring, minmay_temple_entry_crystal_x, serial_rivers,
          chequers_serial_rivers_room_a, chequers_serial_rivers_marsh,
          chequers_serial_rivers_marsh, chequers_serial_rivers_room_a,
          chequers_serial_rivers_micro_b, chequers_serial_rivers_micro_d,
          serial_bayou_lake_a
D:7:      layout_loops_ring, nicolae_gozag_cash_rules_everything_around_me,
          gammafunk_ghost_hive
D:8:      layout_basic, uniq_grum
Temple:   mainiacjoe_temple_big_plus

Skill      XL: |  1  2  3  4  5  6  7  8  9 |
---------------+----------------------------+-----
Transmutations | 1 |  1.0
Fighting       | 1 2 3 5 6 7 |  7.5
Earth Magic    | 4 5 7 9 |  9.1
Dodging        | 2 |  2.0
Spellcasting   | 3 4 5 6 |  6.6
Conjurations   | 1 2 4 5 6 |  6.8
Stealth        | |  2.1

Action                   |  1- 3 |  4- 6 |  7- 9 | 10-12 || total
-------------------------+-------+-------+-------+-------++-------
Melee: Unarmed           |    26 |       |       |       ||    26
       Short sword       |   101 |    15 |       |       ||   116
       Dagger            |    21 |       |       |       ||    21
       Broad axe         |       |    99 |    22 |       ||   121
       Punch             |       |     1 |     4 |       ||     5
       Spear             |       |       |   219 |     9 ||   228
 Cast: Sandblast         |    23 |    34 |    11 |       ||    68
       Stone Arrow       |       |     8 |    40 |       ||    48
  Use: Scroll            |       |       |     4 |       ||     4
       Potion            |       |       |     1 |       ||     1
 Stab: Sleeping          |     1 |     2 |     4 |       ||     7
       Distracted        |       |       |     2 |       ||     2
Armor: Robe              |    96 |    77 |   110 |     9 ||   292
Dodge: Dodged            |   125 |   144 |   151 |    10 ||   430
